[Event "56th Rubinstein Memorial D 2020"]
[Site "Polanica Zdroj"]
[Date "2020.08.16"]
[Round "2.2"]
[White "Szydelko, Kazimierz"]
[Black "Szydelko, Michal"]
[Result "0-1"]
[ECO "B80"]
[WhiteElo "1713"]
[BlackElo "1910"]
[Annotator "ChessBase"]
[PlyCount "100"]
[EventDate "2020.08.15"]
[EventType "swiss"]
[EventCountry "POL"]
[SourceTitle "playchess.com"]
[Source "ChessBase"]
[SourceQuality "1"]
[TimeControl "40/5400+30:1800+30"]

1. e4 c5 2. Nf3 d6 3. d4 cxd4 4. Nxd4 Nf6 5. Nc3 e6 6. Be3 Be7 7. Be2 a6 8. O-O O-O 9. a3 Qc7 10. Kh1 b5 11. f4 Bb7 12. Bf3 Nbd7 13. Nb3 Rfd8 14. Qe2 Nc5 15. Nxc5 dxc5 16. Bg1 Rac8 17. e5 Nd5 18. Nxd5 Bxd5 19. Bxd5 Rxd5 20. Rad1 Rcd8 21. Rxd5 Rxd5 22. Be3 c4 23. Ra1 Bc5 24. h3 Qb6 25. Re1 Bxe3 26. Qxe3 Qxe3 27. Rxe3 Rd2 28. Rc3 Rf2 29. g3 Kf8 30. Kg1 Rd2 31. a4 Ke7 32. Kf1 Kd7 33. Ke1 Rh2 34. h4 Kc6 35. Kd1 Kc5 36. axb5 axb5 37. b3 Kd4 38. Rf3 Rh1+ 39. Ke2 Rh2+ 40. Kd1 f6 41. exf6 gxf6 42. bxc4 bxc4 43. Ra3 e5 44. Ra6 Ke3 45. Ra3+ Kf2 46. fxe5 fxe5 47. Rc3 e4 48. Rxc4 Rh1+ 49. Kd2 e3+ 50. Kd3 Rd1+ 0-1

[Event "56th Rubinstein Memorial D 2020"]
[Site "Polanica Zdroj"]
[Date "2020.08.16"]
[Round "2.3"]
[White "Szczygiel, Konrad"]
[Black "Grzelak, Piotr"]
[Result "1-0"]
[ECO "D37"]
[WhiteElo "1901"]
[BlackElo "1664"]
[Annotator "ChessBase"]
[PlyCount "121"]
[EventDate "2020.08.15"]
[EventType "swiss"]
[EventCountry "POL"]
[SourceTitle "playchess.com"]
[Source "ChessBase"]
[SourceQuality "1"]
[TimeControl "40/5400+30:1800+30"]

1. d4 e6 2. c4 d5 3. Nc3 Nf6 4. Nf3 Nbd7 5. e3 Be7 6. Bd3 O-O 7. O-O dxc4 8. Bxc4 b6 9. e4 Bb7 10. e5 Nd5 11. Nxd5 Bxd5 12. Bxd5 exd5 13. Qe2 Kh8 14. Bf4 c5 15. Rfd1 c4 16. Rac1 Re8 17. Rc3 Nf8 18. Ne1 Ne6 19. Qg4 Bg5 20. Bxg5 Qxg5 21. Qxg5 Nxg5 22. Nc2 b5 23. Nb4 Rad8 24. Ra3 Rd7 25. Nc6 Ne6 26. Ra5 Rc8 27. Rxa7 Rxa7 28. Nxa7 Ra8 29. Nxb5 Rxa2 30. Nc3 Rxb2 31. Nxd5 Nxd4 32. Ne3 Ne6 33. Nxc4 Rb7 34. f4 g6 35. g3 Kg7 36. Rd2 h6 37. Nd6 Ra7 38. Rb2 h5 39. Kg2 Kh6 40. Rb7 Rxb7 41. Nxb7 h4 42. Nd6 hxg3 43. hxg3 Kg7 44. Kf3 f5 45. Ke3 Kh6 46. Nb5 Kh5 47. Nd4 Nc7 48. Kf3 Nd5 49. Ne6 Ne7 50. Ng5 Nd5 51. Nh7 Kh6 52. Nf6 Ne7 53. Ke3 g5 54. Kd4 gxf4 55. gxf4 Kg7 56. Nd5 Ng6 57. Kc5 Kf7 58. Kd6 Nf8 59. Nc7 Ng6 60. e6+ Kf6 61. Nd5+ 1-0

[Event "56th Rubinstein Memorial D 2020"]
[Site "Polanica Zdroj"]
[Date "2020.08.16"]
[Round "2.4"]
[White "Jurkiewicz, Joanna"]
[Black "Darowicki, Mariusz"]
[Result "0-1"]
[ECO "B40"]
[WhiteElo "1691"]
[BlackElo "1950"]
[Annotator "ChessBase"]
[PlyCount "90"]
[EventDate "2020.08.15"]
[EventType "swiss"]
[EventCountry "POL"]
[SourceTitle "playchess.com"]
[Source "ChessBase"]
[SourceQuality "1"]
[TimeControl "40/5400+30:1800+30"]

1. e4 c5 2. Nf3 e6 3. d4 cxd4 4. Nxd4 Nf6 5. Nc3 Nc6 6. Be2 Be7 7. Be3 O-O 8. O-O a6 9. a4 Qa5 10. Nb3 Qc7 11. a5 d5 12. Bb6 Qd7 13. exd5 Nxd5 14. Nxd5 exd5 15. Bf3 Qf5 16. c3 Be6 17. Nc5 Bxc5 18. Bxc5 Rfd8 19. Bd4 Rac8 20. Ra4 h6 21. Bb6 Rd7 22. Qd2 Ne5 23. Rf4 Nc4 24. Qc1 Qg6 25. b3 Nxb6 26. axb6 Qd3 27. Bd1 Rxc3 28. Qb2 Rc8 29. Rf3 Qe4 30. Rg3 d4 31. Qd2 Qh4 32. Bc2 Rc5 33. Re1 Rg5 34. Rh3 Rxg2+ 35. Kxg2 Qxh3+ 36. Kh1 Qf3+ 37. Kg1 d3 38. Bd1 Qf6 39. Re3 Qg5+ 40. Kh1 g6 41. Bf3 Kg7 42. Qc3+ Qf6 43. Qd2 Bf5 44. Re8 Be6 45. Qb4 Qxf3+ 0-1

[Event "56th Rubinstein Memorial D 2020"]
[Site "Polanica Zdroj"]
[Date "2020.08.16"]
[Round "2.5"]
[White "Lewandrowski, Tomasz"]
[Black "Kaczanowski, Pawel"]
[Result "1-0"]
[ECO "B33"]
[WhiteElo "1879"]
[BlackElo "1655"]
[Annotator "NA"]
[PlyCount "94"]
[EventDate "2020.08.15"]
[EventType "swiss"]
[EventCountry "POL"]
[SourceTitle "playchess.com"]
[Source "ChessBase"]
[SourceQuality "1"]
[TimeControl "40/5400+30:1800+30"]

1. e4 c5 2. Nf3 Nc6 3. d4 cxd4 4. Nxd4 Nf6 5. Nc3 e5 6. Ndb5 d6 7. Bg5 a6 8. Bxf6 gxf6 9. Na3 b5 10. Nd5 f5 11. exf5 Bxf5 12. c3 Bg7 13. Qf3 Be6 14. Bd3 O-O {[%emt 0:03:01] B33: Sicilian: Pelikan and Sveshnikov Variations.} 15. g4 {[%emt 0:03:57] [#]} (15. Bc2 $11 {keeps the balance.}) 15... b4 $1 16. Nc2 {[%emt 0:00:59] [#]} bxc3 $1 17. bxc3 {[%emt 0:00:09] [#]} Bxd5 $1 18. Qxd5 {[%emt 0:00:19] [#]} e4 $146 ({Predecessor:} 18... Ne7 19. Qe4 f5 20. gxf5 d5 21. Qg4 e4 22. Rg1 Nxf5 23. Ne3 Kh8 24. Rc1 Qd7 {0-1 (34) Gonzalez Bolivar,R (2252)-Barbosa,E (2165) Santos 2008}) 19. Bxe4 Bxc3+ {[%emt 0:01:21] Double Attack} 20. Kf1 Bxa1 21. Nxa1 Qf6 22. Kg2 (22. Qh5 {is a better defense.} h6 23. Bxc6) 22... Ne5 23. Bf5 Rab8 24. Nb3 Ng6 25. Bxg6 hxg6 ({But not} 25... Qxg6 26. h3 $19) 26. Rd1 Rfd8 27. Rd3 Qe5 28. Qf3 Rb4 29. Re3 Qf4 30. Qxf4 Rxf4 31. Kg3 Ra4 32. Re2 Kg7 33. g5 Rc4 34. Rd2 f5 35. Nd4 Kf7 36. h4 Re8 37. h5 Re4 38. hxg6+ Kxg6 39. Nf3 Rc6 40. Kg2 $1 $11 Rg4+ 41. Kf1 (41. Kh2) 41... Re4 $2 (41... Rc1+ $19 42. Ke2 Re4+ 43. Kd3 Rc5) 42. Rd5 $2 Rc1+ 43. Kg2 Rg4+ 44. Kh2 Rc2 45. Rxd6+ Kg7 $15 (45... Kh7 $19 46. Rd7+ Kg8) 46. Nd4 Rxf2+ 47. Kh3 Rgg2 1-0

[Event "56th Rubinstein Memorial D 2020"]
[Site "Polanica Zdroj"]
[Date "2020.08.16"]
[Round "2.6"]
[White "Wilgosz, Jan"]
[Black "Simon, Marek"]
[Result "0-1"]
[ECO "B13"]
[WhiteElo "1617"]
[BlackElo "1878"]
[Annotator "NA"]
[PlyCount "70"]
[EventDate "2020.08.15"]
[EventType "swiss"]
[EventCountry "POL"]
[SourceTitle "playchess.com"]
[Source "ChessBase"]
[SourceQuality "1"]
[TimeControl "40/5400+30:1800+30"]

1. e4 c6 2. d4 d5 3. exd5 cxd5 4. c4 Nf6 5. Nc3 Nc6 6. Nf3 Bg4 7. Be2 e6 8. c5 Be7 {[%emt 0:01:54] B13: Caro-Kann: Exchange Variation and Panov-Botvinnik Attack.} 9. Bf4 O-O {[%emt 0:00:33] [#]} 10. Ne5 $146 ({Predecessor:} 10. h3 Bxf3 11. gxf3 Nh5 12. Bh2 f5 13. Qd2 g6 14. O-O-O Bf6 15. Qe3 Re8 16. Rhg1 {0-1 (50) Johnson,G (1899)-Cupid,K (2147) Port of Spain 2017}) 10... Bxe2 11. Nxc6 Bxd1 12. Nxd8 Rfxd8 13. Rxd1 Ne4 14. Ne2 b6 15. f3 Nf6 16. b4 Rdc8 17. O-O Nd7 18. Nc3 a5 19. a3 bxc5 20. bxc5 Nxc5 21. dxc5 Bxc5+ 22. Kh1 Bxa3 23. Nxd5 exd5 24. Rxd5 Bb2 25. Rb1 Bf6 26. Rd2 g5 27. Bg3 $19 a4 28. Ra2 a3 29. Bd6 Ra6 30. Bg3 Bb2 31. h3 Rac6 32. Kh2 Rc1 33. Rxc1 Rxc1 34. Bd6 Rc2 35. h4 Be5+ 0-1

[Event "56th Rubinstein Memorial D 2020"]
[Site "Polanica Zdroj"]
[Date "2020.08.16"]
[Round "2.7"]
[White "Pyka, Roman"]
[Black "Ursnik, Patryk"]
[Result "0-1"]
[ECO "D31"]
[WhiteElo "1873"]
[BlackElo "1601"]
[Annotator "NA"]
[PlyCount "132"]
[EventDate "2020.08.15"]
[EventType "swiss"]
[EventCountry "POL"]
[SourceTitle "playchess.com"]
[Source "ChessBase"]
[SourceQuality "1"]
[TimeControl "40/5400+30:1800+30"]

1. Nf3 d5 2. d4 c6 3. c4 e6 4. Nc3 dxc4 5. a4 Bb4 6. Ne5 Nf6 {[%emt 0:07:31] D31: Queen's Gambit Declined: Semi-Slav without ...Nf6 (+ Marshall Gambit and Noteboom) and Exchange Variation lines without ...Nf6.} 7. e3 {[%emt 0:05:12] [#]} Nbd7 $146 ({Predecessor:} 7... O-O 8. Bd2 Nbd7 9. Nxc4 Qe7 10. Qc2 e5 11. O-O-O a5 12. dxe5 Nxe5 13. Nb6 Rb8 14. Nxc8 Rfxc8 {1-0 (42) Reolon,V (1678)-Durante,A (2006) Montevideo 2018}) 8. Nxd7 Bxd7 9. Bxc4 Qa5 10. Bd2 Nd5 11. Qc2 Nb6 12. Bb3 c5 $1 13. dxc5 Qxc5 14. O-O O-O 15. Ne4 Qxc2 16. Bxc2 Be7 17. Bc3 Nd5 18. Bd4 Rfc8 19. Bb3 Bc6 20. Ng3 Nf6 21. Rfc1 a6 22. f3 Nd5 23. Kf2 g6 24. Ke2 b5 25. Rxc6 Rxc6 26. axb5 Rc7 27. bxa6 Nb4 28. Ne4 Rxa6 29. Rxa6 Nxa6 30. Nf6+ Bxf6 $1 31. Bxf6 Nc5 32. Bc2 Nd7 33. Bc3 Kf8 34. h4 Nb6 35. Bb3 Nd5 36. Bxd5 exd5 37. Kd3 Ke7 38. e4 Ke6 39. e5 $2 (39. exd5+ $17 {might work better.} Kxd5 40. g3) 39... Kd7 40. g3 Ra7 41. b4 Kc6 42. Kd4 Ra2 43. b5+ Kxb5 44. Kxd5 Rg2 $19 45. g4 Rf2 46. Ke4 Kc4 47. Ba5 Re2+ 48. Kf4 Kd5 49. Bc7 Rc2 50. Bb8 Rc8 51. Ba7 Rc4+ 52. Kg5 Kxe5 53. f4+ Ke4 54. Bb8 Kf3 55. h5 gxh5 56. gxh5 Rc6 57. Kf5 Kg3 58. Kg5 h6+ 59. Kf5 Kh4 60. Be5 Kxh5 61. Bf6 Rxf6+ 62. Kxf6 Kg4 63. f5 h5 64. Ke5 h4 65. f6 h3 66. Kd6 Kg5 0-1

[Event "56th Rubinstein Memorial D 2020"]
[Site "Polanica Zdroj"]
[Date "2020.08.16"]
[Round "2.8"]
[White "Goral, Jan"]
[Black "Janicki, Rafal"]
[Result "1/2-1/2"]
[ECO "E09"]
[WhiteElo "1580"]
[BlackElo "1851"]
[Annotator "NA"]
[PlyCount "144"]
[EventDate "2020.08.15"]
[EventType "swiss"]
[EventCountry "POL"]
[SourceTitle "playchess.com"]
[Source "ChessBase"]
[SourceQuality "1"]
[TimeControl "40/5400+30:1800+30"]

1. d4 d5 2. Nf3 Nf6 3. c4 e6 4. g3 c6 5. Bg2 Be7 6. O-O O-O 7. Qc2 Nbd7 8. Nbd2 Re8 9. e4 dxe4 10. Nxe4 Nxe4 11. Qxe4 Nf6 12. Qc2 c5 {[%emt 0:13:36] E09: Closed Catalan: Main Line: 7 Qc2 c6 8 Nbd2.} 13. Rd1 cxd4 14. Nxd4 Qb6 15. h3 Bd7 {[%emt 0:04:53] [#]} 16. Rb1 $146 ({Predecessor:} 16. a3 Rad8 17. Be3 Qc7 18. Rac1 b6 19. Qe2 a5 20. Nb5 Qb8 21. Bf4 Qc8 22. Bc7 Bxb5 23. Bxd8 {1-0 (33) Schroer,M (2127)-Von Saldern,R (2040) Guernsey 2009}) 16... Bc5 17. Be3 e5 18. Nf5 Bxf5 $1 19. Qxf5 Bxe3 20. fxe3 Qxe3+ 21. Qf2 Qxf2+ 22. Kxf2 Rac8 23. b3 b6 24. Rd6 Kf8 25. Rbd1 Ke7 26. g4 h6 27. Ke3 Red8 28. Rxd8 Rxd8 29. Rxd8 Kxd8 30. b4 Kc7 31. Bf3 Kd6 32. Bb7 g6 33. Bf3 Ne8 34. Bd5 f5 (34... Ke7 $17 35. Ke4 f6) 35. Bf7 {[%emt 0:01:12] Double Attack} Nf6 36. Bxg6 fxg4 37. hxg4 Nxg4+ 38. Kf3 (38. Ke4 $15) 38... Nf6 39. Bf5 {[%emt 0:02:38] [#]} Ng8 $1 40. Ke3 Ne7 41. Be4 Ng8 $2 42. Bf5 {[%emt 0:01:34] [#]} Nf6 $11 ({Better is} 42... h5 $1 $17 43. Bg6 h4) 43. Kf3 Nh5 44. Be4 Nf4 45. Bf5 Ne6 46. Ke3 Nd4 47. Be4 {Black should play} Nc6 $19 48. a3 a5 49. b5 (49. Bxc6 Kxc6) 49... Nd4 50. Bd3 Ne6 51. Bc2 Nc5 52. Bd1 Ke7 53. Bc2 Kf6 54. Kf3 Kg5 55. Bb1 h5 56. Bc2 h4 57. Bd1 Kf5 58. Be2 e4+ 59. Ke3 h3 60. Bf1 Kg4 61. Kf2 e3+ 62. Kxe3 Kg3 63. Bxh3 Kxh3 64. Kd4 Kg4 65. Kd5 Kf5 66. Kc6 Na4 67. c5 bxc5 68. b6 Nxb6 69. Kxc5 Na4+ 70. Kb5 Nb2 71. Kxa5 Nc4+ 72. Kb4 Nxa3 1/2-1/2

[Event "56th Rubinstein Memorial D 2020"]
[Site "Polanica Zdroj"]
[Date "2020.08.16"]
[Round "2.9"]
[White "Podgorski, Maciej"]
[Black "Wolska, Marta"]
[Result "0-1"]
[ECO "B12"]
[WhiteElo "1810"]
[BlackElo "1551"]
[Annotator "NA"]
[PlyCount "53"]
[EventDate "2020.08.15"]
[EventType "swiss"]
[EventCountry "POL"]
[SourceTitle "playchess.com"]
[Source "ChessBase"]
[SourceQuality "1"]
[TimeControl "40/5400+30:1800+30"]

1. e4 c6 2. d4 d5 3. e5 Bf5 4. Nc3 e6 5. g4 Bg6 $1 6. Nge2 c5 7. h4 h5 8. Nf4 Bh7 9. Nxh5 Nc6 {[%emt 0:01:05] B12: Caro-Kann: Advance Variation.} 10. dxc5 Bxc5 11. Bb5 Qc7 12. Qe2 ({Wrong is} 12. Nxg7+ $2 Kf8 $17) (12. Bxc6+ $11 Qxc6 13. O-O (13. Nxg7+ $2 Kf8 $19)) 12... O-O-O (12... d4 $15 13. Qc4 (13. Nxg7+ Kf8 $19) 13... Qxe5+ 14. Ne2 Qd6) 13. Bxc6 $1 ({Don't go for} 13. Nxg7 $2 Nd4 $19 {[%mdl 64] Double Attack}) 13... Qxc6 {[%emt 0:00:02] [#]} 14. Qb5 $146 (14. f3 $11 {keeps the balance.}) ({Predecessor:} 14. Bg5 d4 15. O-O-O Ne7 16. Bxe7 Bxe7 17. Rh3 Kb8 18. Nb5 d3 {0-1 (18) Maas,O (2236)-Helbig,A (2086) DESC email 2002}) 14... Qxb5 ({Reject} 14... Bxc2 $6 15. Bg5 $11) (14... Ne7 $17 15. Bg5 d4 16. Qxc6+ Nxc6) 15. Nxb5 Be4 16. Rh3 d4 ({Better is} 16... a6 $14 17. Rc3 b6 18. Nd6+ Rxd6 19. exd6 Kd7) 17. Bg5 Rd7 18. Nxg7 Kb8 19. O-O-O a6 {[%emt 0:03:09] [#]} (19... Bc6 $142) 20. Nd6 $1 Bd5 21. Nge8 $18 Bxa2 22. c3 Bxd6 23. Nxd6 dxc3 24. Rxc3 Bd5 25. Rc8+ Ka7 26. Rd3 f6 27. exf6 0-1

[Event "56th Rubinstein Memorial D 2020"]
[Site "Polanica Zdroj"]
[Date "2020.08.16"]
[Round "2.10"]
[White "Bialik, Nikodem"]
[Black "Szczygiel, Jakub"]
[Result "0-1"]
[ECO "B27"]
[WhiteElo "1552"]
[BlackElo "1802"]
[Annotator "NA"]
[PlyCount "88"]
[EventDate "2020.08.15"]
[EventType "swiss"]
[EventCountry "POL"]
[SourceTitle "playchess.com"]
[Source "ChessBase"]
[SourceQuality "1"]
[TimeControl "40/5400+30:1800+30"]

1. e4 c5 2. Nf3 g6 3. c3 Bg7 4. d4 cxd4 5. cxd4 d5 6. exd5 Nf6 7. Bc4 {[%emt 0:02:01] B27: Sicilian: 2 Nf3, unusual Black 2nd moves.} Nxd5 8. Qb3 e6 9. Bxd5 Qxd5 10. Qxd5 exd5 11. Nc3 Be6 12. Nb5 {[%emt 0:00:50] [#]} Kd7 $146 ({Predecessor:} 12... Kd8 13. Bf4 Nc6 14. O-O a6 15. Nd6 Nxd4 16. Nxb7+ Kc8 17. Nd6+ Kd7 18. Nxd4 Bxd4 {1-0 (30) Nominerdene,D-Draskoviz,D Kemer 2007}) 13. Bf4 Nc6 14. Be5 Nxe5 15. Nxe5+ Ke7 16. Rc1 Rac8 17. O-O a6 18. Nc3 ({Better is} 18. Nc7 $15) 18... b5 (18... Bxe5 $1 $17 19. dxe5 d4) 19. a3 Bxe5 $1 20. dxe5 Rc5 (20... d4 $17 21. Ne4 Bd5) 21. f4 Rhc8 22. Rcd1 h5 23. Rd4 Rc4 24. Nxd5+ Bxd5 25. Rxd5 Rc2 26. Rfd1 Rxb2 27. Rd7+ Ke8 28. R7d2 Rxd2 29. Rxd2 Rc3 30. Ra2 Ke7 31. Kf2 Ke6 32. a4 $2 (32. g3 $1 $15) 32... b4 33. Rd2 Kf5 34. g3 $2 (34. Rd7 Kxf4 35. Rd4+ Kxe5 36. Rxb4) 34... Ke4 35. Re2+ Kd3 36. e6 fxe6 37. Rxe6 Kc2 38. Rxg6 b3 39. Rxa6 b2 $19 40. Rb6 Rb3 41. Rc6+ Kd3 42. Rd6+ Ke4 43. Re6+ Kf5 44. Re5+ Kf6 0-1

[Event "56th Rubinstein Memorial D 2020"]
[Site "Polanica Zdroj"]
[Date "2020.08.16"]
[Round "2.11"]
[White "Sypien, Natan"]
[Black "Zielinski, Marcin"]
[Result "1-0"]
[ECO "D43"]
[WhiteElo "1794"]
[BlackElo "1527"]
[Annotator "NA"]
[PlyCount "77"]
[EventDate "2020.08.15"]
[EventType "swiss"]
[EventCountry "POL"]
[SourceTitle "playchess.com"]
[Source "ChessBase"]
[SourceQuality "1"]
[TimeControl "40/5400+30:1800+30"]

1. d4 c6 2. c4 d5 3. Nf3 Nf6 4. Nc3 e6 5. Bg5 h6 6. Bh4 dxc4 7. e4 g5 8. Bg3 b5 9. e5 Nh5 10. Be2 Nxg3 11. hxg3 g4 12. Nh2 Be7 13. Nxg4 f5 14. exf6 Bxf6 15. Nxf6+ Qxf6 16. Bh5+ Ke7 17. Ne4 Qf5 18. Rh4 Nd7 19. Rf4 Qd5 20. Qg4 Kd8 21. Qg7 Qxh5 22. Qxh8+ Kc7 23. Rh4 Qf5 24. Qxh6 Qd5 25. Nf6 Qxg2 26. Nxd7 Qg1+ 27. Ke2 Qxa1 28. Qf4+ Kb7 29. Nc5+ Kb6 30. Rh7 Qxb2+ 31. Kf3 Qa3+ 32. Kg2 b4 33. Qc7+ Kb5 34. Rh5 c3 35. Nb3+ Kc4 36. Qxc6+ Kd3 37. Qf3+ Kc2 38. Qe2+ Kb1 39. Rh1+ 1-0

[Event "56th Rubinstein Memorial D 2020"]
[Site "Polanica Zdroj"]
[Date "2020.08.16"]
[Round "2.12"]
[White "Grzebieniowski, Michal"]
[Black "Borowski, Przemyslaw"]
[Result "1/2-1/2"]
[ECO "A50"]
[WhiteElo "1390"]
[BlackElo "1790"]
[Annotator "NA"]
[PlyCount "143"]
[EventDate "2020.08.15"]
[EventType "swiss"]
[EventCountry "POL"]
[SourceTitle "playchess.com"]
[Source "ChessBase"]
[SourceQuality "1"]
[TimeControl "40/5400+30:1800+30"]

1. d4 Nf6 2. c4 Nc6 3. Nf3 e6 4. g3 Bb4+ 5. Bd2 Bxd2+ 6. Nbxd2 O-O 7. Bg2 d6 8. O-O e5 9. e3 Bg4 10. Qc2 Re8 11. Rfe1 h6 12. d5 Nb4 13. Qb3 a5 14. a3 Na6 15. Qc3 a4 16. e4 Nc5 17. Rab1 Qd7 18. Qc2 Ra5 19. Re3 Nh7 20. Ne1 f5 21. f3 f4 22. Re2 Bh3 23. Nd3 Nxd3 24. Qxd3 fxg3 25. hxg3 Bxg2 26. Rxg2 b5 27. Qc3 Raa8 28. c5 Rf8 29. c6 Qh3 30. Rf1 Ng5 31. Rff2 Qh5 32. Rh2 Qg6 33. Kg2 Nh7 34. Rh1 Nf6 35. Nf1 Nh5 36. Rh4 Rf7 37. Rg4 Qh7 38. Rh4 Nf6 39. Qd3 Raf8 40. Ne3 g5 41. Rh1 Nxe4 42. Rff1 Nc5 43. Qxh7+ Rxh7 44. Ng4 h5 45. Nf2 h4 46. Nh3 hxg3 47. Nxg5 Rg7 48. Ne4 Nd3 49. Nxg3 Rf6 50. Rfg1 Rfg6 51. Kh2 Nf2 52. Nh5 Rxg1 53. Rxg1 Rxg1 54. Kxg1 Nd3 55. Nf6+ Kf7 56. Ne4 Nxb2 57. Nxd6+ Ke7 58. Nxb5 Nc4 59. Kf2 Nxa3 60. Nxa3 Kd6 61. Ke3 Kxd5 62. Kd3 Kxc6 63. Ke4 Kd6 64. Nb5+ Kc5 65. Na3 Kb4 66. Nb1 a3 67. Nxa3 Kxa3 68. Kxe5 c5 69. f4 c4 70. f5 c3 71. f6 c2 72. f7 1/2-1/2

[Event "56th Rubinstein Memorial D 2020"]
[Site "Polanica Zdroj"]
[Date "2020.08.16"]
[Round "2.13"]
[White "Gromczak, Dariusz"]
[Black "Biel, Maciej"]
[Result "1-0"]
[ECO "B07"]
[WhiteElo "1785"]
[BlackElo "1275"]
[Annotator "NA"]
[PlyCount "131"]
[EventDate "2020.08.15"]
[EventType "swiss"]
[EventCountry "POL"]
[SourceTitle "playchess.com"]
[Source "ChessBase"]
[SourceQuality "1"]
[TimeControl "40/5400+30:1800+30"]

1. e4 d6 2. d4 Nf6 3. Nc3 g6 4. Be3 Bg7 5. Qd2 c6 6. f3 b5 7. Bd3 Qa5 8. Nge2 Nbd7 9. d5 cxd5 10. Nxb5 Qxd2+ 11. Kxd2 Kd8 12. exd5 Nxd5 13. Bd4 Bxd4 14. Nexd4 Bb7 15. c4 Nf4 16. Be4 Bxe4 17. fxe4 Ne5 18. g3 Nh3 19. b3 Nf2 20. Rhe1 a6 21. Nc3 h5 22. Re2 Nfg4 23. h3 Nf6 24. Nd5 Nfd7 25. Rf1 a5 26. Nf3 Nxf3+ 27. Rxf3 Ne5 28. Rf1 e6 29. Nc3 Ke7 30. Ke3 f5 31. Rd2 h4 32. Rg1 hxg3 33. Rxg3 Rh4 34. exf5 exf5 35. Nd5+ Kf7 36. Nf4 Ra6 37. Rdg2 Rh6 38. Nd3 a4 39. Kd4 axb3 40. axb3 Kf6 41. Nb4 Nc6+ 42. Nxc6 Rxc6 43. Kd5 Rb6 44. Re2 f4 45. Rf3 Rh5+ 46. Kd4 g5 47. Kc3 Rh8 48. b4 Rhb8 49. b5 Rc8 50. Kd4 Kf5 51. Re7 Kf6 52. Ra7 Re8 53. h4 gxh4 54. Rxf4+ Kg5 55. Rf1 Rh8 56. Rg7+ Kh5 57. Rf5+ Kh6 58. Rg4 Rbb8 59. Rxh4+ Kg6 60. Rxh8 Rxh8 61. Rf3 Rc8 62. Rf4 Kg5 63. Rf7 Rd8 64. Kd5 Kg6 65. Re7 Kf5 66. Re6 1-0

[Event "56th Rubinstein Memorial D 2020"]
[Site "Polanica Zdroj"]
[Date "2020.08.16"]
[Round "2.15"]
[White "Szmidt, Przemyslaw"]
[Black "Kolodziejski, Grzegorz"]
[Result "1-0"]
[ECO "B33"]
[WhiteElo "1831"]
[BlackElo "1550"]
[Annotator "NA"]
[PlyCount "87"]
[EventDate "2020.08.15"]
[EventType "swiss"]
[EventCountry "POL"]
[SourceTitle "playchess.com"]
[Source "ChessBase"]
[SourceQuality "1"]
[TimeControl "40/5400+30:1800+30"]

1. e4 c5 2. Nf3 Nc6 3. d4 cxd4 4. Nxd4 Nf6 5. Nc3 e5 6. Ndb5 d6 7. Bg5 a6 8. Bxf6 gxf6 9. Na3 b5 10. Nd5 f5 11. Bxb5 axb5 12. Nxb5 Ra4 13. Nbc7+ Kd7 14. Qh5 $2 {[%emt 0:02:13] [#] B33: Sicilian: Pelikan and Sveshnikov Variations.} (14. O-O $11) 14... Ne7 $146 ({Predecessor:} 14... Rxe4+ 15. Kf1 Ne7 16. Qxf7 Kc6 17. c4 Nxd5 18. cxd5+ Kb7 19. Ne6+ Qd7 20. Qxf5 Qb5+ 21. Kg1 Rf4 {1-0 (32) Quparadze,G (2462)-Daghli,A (2424) Rasht 2020}) 15. O-O Nxd5 16. Nxd5 Ke8 17. exf5 Bb7 18. Rfd1 Rh4 19. Qe2 Bxd5 (19... Qc8 $15) 20. Rxd5 Qd7 {[%emt 0:00:12] [#]} 21. Rxe5+ $1 dxe5 22. Qxe5+ {[%emt 0:00:06] Double Attack} Qe7 23. Qxh8 Re4 {[%emt 0:00:23] [#]} (23... f6 $1 $11) 24. Qc3 $1 f6 25. a4 Kf7 26. a5 Qa7 27. g3 Bc5 28. Kg2 Bd4 $2 (28... Bxf2 $16 29. a6 Bc5) 29. Qf3 Re7 30. Rd1 Kg7 31. Qg4+ Kh6 32. Rxd4 Qxa5 33. Qh4+ Kg7 34. Rg4+ Kf7 35. Qxh7+ Ke8 36. Qg8+ (36. Qh8+ $142 Kd7 37. Rd4+ Kc6 38. Qxf6+ {[%mdl 64] Double Attack} Kb7 39. Qxe7+ Qc7 40. Rb4+ Ka6 41. Qe2+ Ka7 42. Qe3+ Ka6 43. Qd3+ Ka7 44. Qa3+ Qa5 45. Qxa5#) 36... Kd7 37. Rd4+ Kc6 38. Qc8+ $18 (38. c3 $142 Rc7 39. Rc4+ Kb7 40. Rb4+ Qxb4 41. cxb4 Rc6 42. h4 Rc8 {[#]} 43. Qxc8+ $3 {[%mdl 576] Promotion} Kxc8 44. h5) 38... Kb6 39. Qb8+ Rb7 40. Qd8+ {[%emt 0:01:03] Double Attack} Rc7 41. Rd7 Qxf5 42. Qxc7+ Kb5 43. Qb7+ Kc4 44. Qc6+ 1-0

[Event "56th Rubinstein Memorial D 2020"]
[Site "Polanica Zdroj"]
[Date "2020.08.16"]
[Round "2.16"]
[White "Sidlo, Szymon"]
[Black "Wawrzyniak, Pawel"]
[Result "1-0"]
[ECO "C49"]
[WhiteElo "1396"]
[BlackElo "1824"]
[Annotator "NA"]
[PlyCount "86"]
[EventDate "2020.08.15"]
[EventType "swiss"]
[EventCountry "POL"]
[SourceTitle "playchess.com"]
[Source "ChessBase"]
[SourceQuality "1"]
[TimeControl "40/5400+30:1800+30"]

1. e4 e5 2. Nf3 Nc6 3. Nc3 Nf6 4. Bb5 Bb4 5. O-O d6 6. d3 (6. Nd5 $16 Bc5 7. c3) 6... h6 7. Nd5 Bc5 8. Be3 Bxe3 9. fxe3 O-O 10. Bxc6 bxc6 11. Nxf6+ Qxf6 12. Qd2 Bd7 13. Qc3 Qe7 14. Rf2 Rab8 15. a4 c5 16. b3 Bc6 17. Re1 g6 18. g4 (18. Qa5 $11) 18... f5 $15 19. exf5 gxf5 20. gxf5 Rxf5 21. e4 Rf4 22. Rg2+ Kh8 23. Rf1 Qf6 24. Nd2 Rf8 25. Rxf4 Qxf4 26. Qa1 Qe3+ 27. Kh1 Bd7 28. Qg1 Qf4 29. Rg3 Qxd2 30. Rg7 Bh3 31. Rg6 h5 32. Rg5 Qxg5 33. Qxg5 Rf1+ 34. Qg1 Rxg1+ 35. Kxg1 Bg4 36. Kf2 Bd1 37. c3 Bxb3 38. a5 Kg7 39. Ke3 Kf6 40. d4 Bc4 41. dxc5 dxc5 42. h4 Ke6 43. Kd2 Kd6 1-0

[Event "56th Rubinstein Memorial D 2020"]
[Site "Polanica Zdroj"]
[Date "2020.08.16"]
[Round "2.17"]
[White "Jurkowska, Magdalena"]
[Black "Ciechonski, Piotr"]
[Result "0-1"]
[ECO "B72"]
[WhiteElo "1465"]
[BlackElo "1774"]
[Annotator "NA"]
[PlyCount "120"]
[EventDate "2020.08.15"]
[EventType "swiss"]
[EventCountry "POL"]
[SourceTitle "playchess.com"]
[Source "ChessBase"]
[SourceQuality "1"]
[TimeControl "40/5400+30:1800+30"]

1. e4 c5 2. Nf3 d6 3. d4 cxd4 4. Nxd4 Nf6 5. Nc3 g6 6. Be2 Bg7 7. Be3 O-O 8. O-O Nc6 9. Rb1 d5 10. exd5 Nxd5 11. Nxd5 Qxd5 12. Bf3 Qxa2 13. Nxc6 bxc6 14. Bxc6 Rb8 15. Ra1 Qxb2 16. Rxa7 Bb7 17. Bxb7 Rxb7 18. Rxb7 Qxb7 19. Qb1 Qc6 20. g3 Ra8 21. Rc1 Bc3 22. Qb6 Qa4 23. Qb7 e6 24. Rb1 Kg7 25. Qb3 Qc6 26. Qb7 Qd5 27. Qxd5 exd5 28. Rd1 Ra5 29. Bd4+ Bxd4 30. Rxd4 Rc5 31. Rd2 Kf6 32. Kg2 Ke5 33. f3 Rc3 34. Kf2 g5 35. h3 h5 36. Kg2 f5 37. Kf2 d4 38. Kg2 Kd5 39. Re2 f4 40. g4 hxg4 41. hxg4 Re3 42. Rd2 Kc4 43. Kf2 Kc3 44. Rd1 Re7 45. Rd3+ Kc4 46. Rd2 Rh7 47. Kg2 Ra7 48. Kf2 Ra1 49. Kg2 Rc1 50. Kf2 Rh1 51. Kg2 Rh8 52. Kg1 Re8 53. Kf1 Rd8 54. Rd3 Rd5 55. Ke1 Re5+ 56. Kf2 Re3 57. Rd2 Rc3 58. Ke2 Ra3 59. Kf1 Rxf3+ 60. Ke2 Ra3 0-1